Workbook

Sheet Top Sheet anterior p comparar
C4: PRESUPUESTO LARGOMETRAJE NACIONAL COSTO PROMEDIO proyectado a Marzo 2025 | E4: Preproducción | F4: 7 | G4: Sábados | H4: 0 | I4: Días Rodaje | J4: 30
E5: Rodaje | F5: 6 | G5: Domingos | H5: 0 | I5: Estudio/Locacion | J5: 20
E6: Posproducción | F6: 10 | G6: Hs. Ex. (x sem) | H6: =5*2.25 -> 11.25 | I6: Exteriores | J6: 10 | O6: 1550
D7: RUBROS | H7: TOTAL | I7: IVA | J7: Total c/IVA | K7: % | M7: Actual s/IVA | N7: Diferencia | O7: USD
C9: 1 | D9: LIBRO / ARGUMENTO / GUION | H9: 78003750 | I9: 0 | J9: 78003750 | K9: =H9/$H$59 -> 0.045083465 | M9: ='TOP SHEET'!H9 -> 99066713 | N9: =M9/H9 -> 1.270025 | O9: =M9/$O$6 -> 63914.008
C11: 2 | D11: DIRECCION | H11: 137000000 | I11: 28770000 | J11: 165770000 | K11: =H11/$H$59 -> 0.079181254 | M11: ='TOP SHEET'!H11 -> 173313425 | N11: =M11/H11 -> 1.2650615 | O11: =M11/$O$6 -> 111815.11
C13: 3 | D13: PRODUCCION | H13: 140700000 | I13: 22995000 | J13: 163695000 | K13: =H13/$H$59 -> 0.081319726 | M13: ='TOP SHEET'!H13 -> 177650740 | N13: =M13/H13 -> 1.2626208 | O13: =M13/$O$6 -> 114613.38
C15: 4 | D15: EQUIPO TECNICO | H15: 3.5321291e+08 | I15: 0 | J15: 3.5321291e+08 | K15: =H15/$H$59 -> 0.20414483 | M15: ='TOP SHEET'!H15 -> 4.074983e+08 | N15: =M15/H15 -> 1.1536903 | O15: =M15/$O$6 -> 262902.13
C17: 5 | D17: ELENCO | H17: 1.1023611e+08 | I17: 0 | J17: 1.1023611e+08 | K17: =H17/$H$59 -> 0.063712653 | M17: ='TOP SHEET'!H17 -> 1.2543873e+08 | N17: =M17/H17 -> 1.1379096 | O17: =M17/$O$6 -> 80928.213
C19: 6 | D19: CARGAS SOCIALES | H19: 1.2996934e+08 | I19: 0 | J19: 1.2996934e+08 | K19: =H19/$H$59 -> 0.075117779 | M19: ='TOP SHEET'!H19 -> 1.5005805e+08 | N19: =M19/H19 -> 1.1545649 | O19: =M19/$O$6 -> 96811.642
C21: 7 | D21: VESTUARIO | H21: 25200000 | I21: 5082000 | J21: 30282000 | K21: =H21/$H$59 -> 0.014564727 | M21: ='TOP SHEET'!H21 -> 33203520 | N21: =M21/H21 -> 1.3176 | O21: =M21/$O$6 -> 21421.626
C23: 8 | D23: MAQUILLAJE | H23: 5100000 | I23: 378000 | J23: 5478000 | K23: =H23/$H$59 -> 0.0029476233 | M23: ='TOP SHEET'!H23 -> 6719760 | N23: =M23/H23 -> 1.3176 | O23: =M23/$O$6 -> 4335.329
C25: 9 | D25: UTILERIA | H25: 30000000 | I25: 6300000 | J25: 36300000 | K25: =H25/$H$59 -> 0.017338961 | M25: ='TOP SHEET'!H25 -> 39528000 | N25: =M25/H25 -> 1.3176 | O25: =M25/$O$6 -> 25501.935
C27: 10 | D27: ESCENOGRAFIA | H27: 77000000 | I27: 16170000 | J27: 93170000 | K27: =H27/$H$59 -> 0.044503333 | M27: ='TOP SHEET'!H27 -> 105144480 | N27: =M27/H27 -> 1.3655127 | O27: =M27/$O$6 -> 67835.148
C29: 11 | D29: LOCACIONES | H29: 55540000 | I29: 0 | J29: 55540000 | K29: =H29/$H$59 -> 0.032100196 | M29: ='TOP SHEET'!H29 -> 61272720 | N29: =M29/H29 -> 1.1032179 | O29: =M29/$O$6 -> 39530.787
C31: 12 | D31: MATERIAL DE ARCHIVO | H31: 0 | I31: 0 | J31: 0 | K31: =H31/$H$59 -> 0 | M31: ='TOP SHEET'!H31 -> 0 | O31: =M31/$O$6 -> 0
C33: 13 | D33: MUSICA | H33: 35379512 | I33: 252000 | J33: 35631512 | K33: =H33/$H$59 -> 0.020448133 | M33: ='TOP SHEET'!H33 -> 48870700 | N33: =M33/H33 -> 1.3813277 | O33: =M33/$O$6 -> 31529.484
C35: 14 | D35: MATERIAL VIRGEN | H35: 15300000 | I35: 1638000 | J35: 16938000 | K35: =H35/$H$59 -> 0.00884287 | M35: ='TOP SHEET'!H35 -> 26100000 | N35: =M35/H35 -> 1.7058824 | O35: =M35/$O$6 -> 16838.71
C37: 15 | D37: PROCESO DE LABORATORIO | H37: 31500000 | I37: 3465000 | J37: 34965000 | K37: =H37/$H$59 -> 0.018205909 | M37: ='TOP SHEET'!H37 -> 44349000 | N37: =M37/H37 -> 1.4079048 | O37: =M37/$O$6 -> 28612.258
C39: 16 | D39: EDICION | H39: 9050000 | I39: 1879500 | J39: 10929500 | K39: =H39/$H$59 -> 0.0052305865 | M39: ='TOP SHEET'!H39 -> 10296720 | N39: =M39/H39 -> 1.1377591 | O39: =M39/$O$6 -> 6643.0452
C41: 17 | D41: PROCESOS DE SONIDO | H41: 22500000 | I41: 4725000 | J41: 27225000 | K41: =H41/$H$59 -> 0.013004221 | M41: ='TOP SHEET'!H41 -> 33920000 | N41: =M41/H41 -> 1.5075556 | O41: =M41/$O$6 -> 21883.871
C43: 18 | D43: EQUIPOS DE CAMARAS Y LUCES | H43: 116096500 | I43: 24380265 | J43: 140476765 | K43: =H43/$H$59 -> 0.067099755 | M43: ='TOP SHEET'!H43 -> 1.4915744e+08 | N43: =M43/H43 -> 1.2847712 | O43: =M43/$O$6 -> 96230.605
C45: 19 | D45: EFECTOS ESPECIALES | H45: 25000000 | I45: 5250000 | J45: 30250000 | K45: =H45/$H$59 -> 0.014449134 | M45: ='TOP SHEET'!H45 -> 32940000 | N45: =M45/H45 -> 1.3176 | O45: =M45/$O$6 -> 21251.613
C47: 20 | D47: MOVILIDAD | H47: 75793125 | I47: 13993875 | J47: 89787000 | K47: =H47/$H$59 -> 0.043805801 | M47: ='TOP SHEET'!H47 -> 110721400 | N47: =M47/H47 -> 1.460837 | O47: =M47/$O$6 -> 71433.161
C49: 21 | D49: FUERZA MOTRIZ | H49: 11125000 | I49: 2336250 | J49: 13461250 | K49: =H49/$H$59 -> 0.0064298646 | M49: ='TOP SHEET'!H49 -> 14575291 | N49: =M49/H49 -> 1.3101385 | O49: =M49/$O$6 -> 9403.4137
C51: 22 | D51: COMIDAS y ALOJAMIENTOS | H51: 125481250 | I51: 26272312 | J51: 1.5175356e+08 | K51: =H51/$H$59 -> 0.072523816 | M51: ='TOP SHEET'!H51 -> 1.7952261e+08 | N51: =M51/H51 -> 1.4306728 | O51: =M51/$O$6 -> 115821.04
C53: 23 | D53: ADMINISTRACION | H53: 88610000 | I53: 13568100 | J53: 102178100 | K53: =H53/$H$59 -> 0.05121351 | M53: ='TOP SHEET'!H53 -> 106610736 | N53: =M53/H53 -> 1.2031456 | O53: =M53/$O$6 -> 68781.12
C55: 24 | D55: SEGUROS | H55: 20510000 | I55: 4307100 | J55: 24817100 | K55: =H55/$H$59 -> 0.011854069 | M55: ='TOP SHEET'!H55 -> 33058800 | N55: =M55/H55 -> 1.6118381 | O55: =M55/$O$6 -> 21328.258
C57: 25 | D57: SEGURIDAD | H57: 11900000 | I57: 0 | J57: 11900000 | K57: =H57/$H$59 -> 0.0068777878 | M57: ='TOP SHEET'!H57 -> 14148000 | N57: =M57/H57 -> 1.1889076 | O57: =M57/$O$6 -> 9127.7419
F59: TOTAL Sept 2025 | H59: 1.7302075e+09 | I59: 1.817624e+08 | J59: 1.9119699e+09 | K59: =SUM(K9:K57) -> 1 | M59: =SUM(M8:M58) -> 2.1831651e+09 | N59: =M59/H59 -> 1.2617938 | O59: =SUM(O8:O58) -> 1408493.6
D63: ACTUAL Marzo 2026 (SOLO Rubros 1 a 25) | H63: ='TOP SHEET'!H59 -> 2.1831651e+09
D65: SUBE en 2026 (solo Rubros 1 a 25) | H65: =H63-H59 -> 4.5295762e+08

Sheet TOP SHEET
D4: =PRESU!E3 -> PRESUPUESTO LARGOMETRAJE NACIONAL COSTO PROMEDIO proyectado a Marzo 2026 | E4: Preproducción | F4: 7 | G4: Sábados | H4: 0 | I4: Días Rodaje | J4: 30 | M4: PLAN FINANCIERO POR ETAPAS (sin IVA)
E5: Rodaje | F5: =PRESU!G4 -> 6 | G5: Domingos | H5: 0 | I5: Estudio/Locacion | J5: 20
E6: Posproducción | F6: =PRESU!G5 -> 10 | G6: Hs. Ex. (x sem) | H6: =5*2.25 -> 11.25 | I6: Exteriores | J6: 10
D7: RUBROS | H7: TOTAL | I7: IVA | J7: Total c/IVA | K7: % | M7: PRE | N7: RODAJE | O7: POS | P7: TOTAL
C9: 1 | D9: =PRESU!E11 -> LIBRO / ARGUMENTO / GUION | H9: =PRESU!I20 -> 99066713 | I9: =PRESU!J20 -> 0 | J9: =PRESU!K20 -> 99066713 | K9: =H9/$H$59 -> 0.045377563 | M9: =PRESU!N20 -> 99066713 | N9: =PRESU!O20 -> 0 | O9: =PRESU!P20 -> 0 | P9: =PRESU!Q20 -> 99066713
C11: 2 | D11: =PRESU!E22 -> DIRECCION | H11: =PRESU!I25 -> 173313425 | I11: =PRESU!J25 -> 36395819 | J11: =PRESU!K25 -> 2.0970924e+08 | K11: =H11/$H$59 -> 0.079386311 | M11: =PRESU!N25 -> 57193430 | N11: =PRESU!O25 -> 58926565 | O11: =PRESU!P25 -> 57193430 | P11: =PRESU!Q25 -> 173313425
C13: 3 | D13: =PRESU!E27 -> PRODUCCION | H13: =PRESU!I32 -> 177650740 | I13: =PRESU!J32 -> 29116655 | J13: =PRESU!K32 -> 2.067674e+08 | K13: =H13/$H$59 -> 0.08137302 | M13: =PRESU!N32 -> 53295222 | N13: =PRESU!O32 -> 71060296 | O13: =PRESU!P32 -> 53295222 | P13: =PRESU!Q32 -> 177650740
C15: 4 | D15: =PRESU!E34 -> EQUIPO TECNICO | H15: =PRESU!I44 -> 4.074983e+08 | I15: =PRESU!J44 -> 0 | J15: =PRESU!K44 -> 4.074983e+08 | K15: =H15/$H$59 -> 0.18665482 | M15: =PRESU!N44 -> 99570340 | N15: =PRESU!O44 -> 2.1434108e+08 | O15: =PRESU!P44 -> 93586881 | P15: =PRESU!Q44 -> 4.074983e+08
C17: 5 | D17: =PRESU!E46 -> ELENCO | H17: =PRESU!I95 -> 1.2543873e+08 | I17: =PRESU!J95 -> 0 | J17: =PRESU!K95 -> 1.2543873e+08 | K17: =H17/$H$59 -> 0.05745728 | M17: =PRESU!N95 -> 24544466 | N17: =PRESU!O95 -> 1.0089426e+08 | O17: =PRESU!P95 -> 0 | P17: =PRESU!Q95 -> 1.2543873e+08
C19: 6 | D19: =PRESU!E97 -> CARGAS SOCIALES | H19: =PRESU!I108 -> 1.5005805e+08 | I19: =PRESU!J108 -> 0 | J19: =PRESU!K108 -> 1.5005805e+08 | K19: =H19/$H$59 -> 0.068734171 | M19: =PRESU!N108 -> 43081127 | N19: =PRESU!O108 -> 81782416 | O19: =PRESU!P108 -> 25194502 | P19: =PRESU!Q108 -> 1.5005805e+08
C21: 7 | D21: =PRESU!E110 -> VESTUARIO | H21: =PRESU!I127 -> 33203520 | I21: =PRESU!J127 -> 6696043.2 | J21: =PRESU!K127 -> 39899563 | K21: =H21/$H$59 -> 0.015208891 | M21: =PRESU!N127 -> 25508736 | N21: =PRESU!O127 -> 7035984 | O21: =PRESU!P127 -> 658800 | P21: =PRESU!Q127 -> 33203520
C23: 8 | D23: =PRESU!E129 -> MAQUILLAJE | H23: =PRESU!I142 -> 6719760 | I23: =PRESU!J142 -> 498052.8 | J23: =PRESU!K142 -> 7217812.8 | K23: =H23/$H$59 -> 0.0030779898 | M23: =PRESU!N142 -> 474336 | N23: =PRESU!O142 -> 6245424 | O23: =PRESU!P142 -> 0 | P23: =PRESU!Q142 -> 6719760
C25: 9 | D25: =PRESU!E144 -> UTILERIA | H25: =PRESU!I153 -> 39528000 | I25: =PRESU!J153 -> 8300880 | J25: =PRESU!K153 -> 47828880 | K25: =H25/$H$59 -> 0.018105822 | M25: =PRESU!N153 -> 24507360 | N25: =PRESU!O153 -> 15020640 | O25: =PRESU!P153 -> 0 | P25: =PRESU!Q153 -> 39528000
C27: 10 | D27: =PRESU!E155 -> ESCENOGRAFIA | H27: =PRESU!I168 -> 105144480 | I27: =PRESU!J168 -> 21305592 | J27: =PRESU!K168 -> 126450072 | K27: =H27/$H$59 -> 0.048161488 | M27: =PRESU!N168 -> 72006840 | N27: =PRESU!O168 -> 33137640 | O27: =PRESU!P168 -> 0 | P27: =PRESU!Q168 -> 105144480
C29: 11 | D29: =PRESU!E170 -> LOCACIONES | H29: =PRESU!I191 -> 61272720 | I29: =PRESU!J191 -> 0 | J29: =PRESU!K191 -> 61272720 | K29: =H29/$H$59 -> 0.028066003 | M29: =PRESU!N191 -> 22941144 | N29: =PRESU!O191 -> 38331576 | O29: =PRESU!P191 -> 0 | P29: =PRESU!Q191 -> 61272720
C31: 12 | D31: =PRESU!E193 -> ARCHIVO | H31: =PRESU!I200 -> 0 | I31: =PRESU!J200 -> 0 | J31: =PRESU!K200 -> 0 | K31: =H31/$H$59 -> 0 | M31: =PRESU!N200 -> 0 | N31: =PRESU!O200 -> 0 | O31: =PRESU!P200 -> 0 | P31: =PRESU!Q200 -> 0
C33: 13 | D33: =PRESU!E202 -> MUSICA | H33: =PRESU!I210 -> 48870700 | I33: =PRESU!J210 -> 272160 | J33: =PRESU!K210 -> 49142860 | K33: =H33/$H$59 -> 0.022385251 | M33: =PRESU!N210 -> 0 | N33: =PRESU!O210 -> 0 | O33: =PRESU!P210 -> 48870700 | P33: =PRESU!Q210 -> 48870700
C35: 14 | D35: =PRESU!E212 -> MATERIAL DE ALMACENAMIENTO | H35: =PRESU!I224 -> 26100000 | I35: =PRESU!J224 -> 2562000 | J35: =PRESU!K224 -> 28662000 | K35: =H35/$H$59 -> 0.01195512 | M35: =PRESU!N224 -> 12060000 | N35: =PRESU!O224 -> 2540000 | O35: =PRESU!P224 -> 11500000 | P35: =PRESU!Q224 -> 26100000
C37: 15 | D37: =PRESU!E226 -> POST PRODUCCIÓN DE IMAGEN | H37: =PRESU!I241 -> 44349000 | I37: =PRESU!J241 -> 4023600 | J37: =PRESU!K241 -> 48372600 | K37: =H37/$H$59 -> 0.020314084 | M37: =PRESU!N241 -> 5929200 | N37: =PRESU!O241 -> 8215600 | O37: =PRESU!P241 -> 30204200 | P37: =PRESU!Q241 -> 44349000
C39: 16 | D39: =PRESU!E243 -> EDICION | H39: =PRESU!I252 -> 10296720 | I39: =PRESU!J252 -> 2139631.2 | J39: =PRESU!K252 -> 12436351 | K39: =H39/$H$59 -> 0.0047164183 | M39: =PRESU!N252 -> 0 | N39: =PRESU!O252 -> 2241000 | O39: =PRESU!P252 -> 8055720 | P39: =PRESU!Q252 -> 10296720
C41: 17 | D41: =PRESU!E254 -> POST PRODUCCIÓN DE SONIDO | H41: =PRESU!I282 -> 33920000 | I41: =PRESU!J282 -> 7123200 | J41: =PRESU!K282 -> 41043200 | K41: =H41/$H$59 -> 0.015537075 | M41: =PRESU!N282 -> 0 | N41: =PRESU!O282 -> 10176000 | O41: =PRESU!P282 -> 23744000 | P41: =PRESU!Q282 -> 33920000
C43: 18 | D43: =PRESU!E284 -> EQUIPAMIENTO DE FILMACIÓN | H43: =PRESU!I316 -> 1.4915744e+08 | I43: =PRESU!J316 -> 31323062 | J43: =PRESU!K316 -> 1.804805e+08 | K43: =H43/$H$59 -> 0.068321648 | M43: =PRESU!N316 -> 19227780 | N43: =PRESU!O316 -> 1.1393704e+08 | O43: =PRESU!P316 -> 15992618 | P43: =PRESU!Q316 -> 1.4915744e+08
C45: 19 | D45: =PRESU!E318 -> Efectos especiales y visuales (SFX + VFX) | H45: =PRESU!I329 -> 32940000 | I45: =PRESU!J329 -> 6917400 | J45: =PRESU!K329 -> 39857400 | K45: =H45/$H$59 -> 0.015088185 | M45: =PRESU!N329 -> 9882000 | N45: =PRESU!O329 -> 23058000 | O45: =PRESU!P329 -> 0 | P45: =PRESU!Q329 -> 32940000
C47: 20 | D47: =PRESU!E331 -> MOVILIDAD | H47: =PRESU!I374 -> 110721400 | I47: =PRESU!J374 -> 20521494 | J47: =PRESU!K374 -> 131242894 | K47: =H47/$H$59 -> 0.050715999 | M47: =PRESU!N374 -> 34620580 | N47: =PRESU!O374 -> 65843560 | O47: =PRESU!P374 -> 10257260 | P47: =PRESU!Q374 -> 110721400
C49: 21 | D49: =PRESU!E376 -> FUERZA MOTRIZ | H49: =PRESU!I380 -> 14575291 | I49: =PRESU!J380 -> 3060811.2 | J49: =PRESU!K380 -> 17636102 | K49: =H49/$H$59 -> 0.0066762202 | M49: =PRESU!N380 -> 2305800 | N49: =PRESU!O380 -> 11940091 | O49: =PRESU!P380 -> 329400 | P49: =PRESU!Q380 -> 14575291
C51: 22 | D51: =PRESU!E382 -> COMIDAS y ALOJAMIENTOS | H51: =PRESU!I413 -> 1.7952261e+08 | I51: =PRESU!J413 -> 37631708 | J51: =PRESU!K413 -> 2.1715432e+08 | K51: =H51/$H$59 -> 0.082230432 | M51: =PRESU!N413 -> 36115891 | N51: =PRESU!O413 -> 143406720 | O51: =PRESU!P413 -> 0 | P51: =PRESU!Q413 -> 1.7952261e+08
C53: 23 | D53: =PRESU!E415 -> ADMINISTRACION | H53: =PRESU!I430 -> 106610736 | I53: =PRESU!J430 -> 15747551 | J53: =PRESU!K430 -> 1.2235829e+08 | K53: =H53/$H$59 -> 0.048833107 | M53: =PRESU!N430 -> 35181543 | N53: =PRESU!O430 -> 36247650 | O53: =PRESU!P430 -> 35181543 | P53: =PRESU!Q430 -> 106610736
C55: 24 | D55: =PRESU!E432 -> SEGUROS | H55: =PRESU!I440 -> 33058800 | I55: =PRESU!J440 -> 6942348 | J55: =PRESU!K440 -> 40001148 | K55: =H55/$H$59 -> 0.015142602 | M55: =PRESU!N440 -> 16265880 | N55: =PRESU!O440 -> 16792920 | O55: =PRESU!P440 -> 0 | P55: =PRESU!Q440 -> 33058800
C57: 25 | D57: =PRESU!E442 -> SEGURIDAD E HIGIENE | H57: =PRESU!I449 -> 14148000 | I57: =PRESU!J449 -> 0 | J57: =PRESU!K449 -> 14148000 | K57: =H57/$H$59 -> 0.0064804993 | M57: =PRESU!N449 -> 0 | N57: =PRESU!O449 -> 14148000 | O57: =PRESU!P449 -> 0 | P57: =PRESU!Q449 -> 14148000
F59: SUBTOTAL Rubros 1-25 | H59: =SUM(H9:H57) -> 2.1831651e+09 | I59: =SUM(I8:I58) -> 2.4057801e+08 | J59: =SUM(J8:J58) -> 2.4237431e+09 | K59: =SUM(K9:K57) -> 1 | M59: =SUM(M8:M58) -> 6.9377839e+08 | N59: =SUM(N8:N58) -> 1.0753225e+09 | O59: =SUM(O8:O58) -> 4.1406428e+08 | P59: =SUM(M59:O59) -> 2.1831651e+09
C64: =PRESU!D473 -> 26 | D64: =PRESU!E473 -> REALIZACION DE TRAILER Y SPOT | H64: =PRESU!I480 -> 9565178.5 | I64: =PRESU!J480 -> 1242360 | J64: =PRESU!K480 -> 10807539 | K64: =H64/$H$73 -> 0.14558145 | M64: =PRESU!N480 -> 0 | N64: =PRESU!O480 -> 0 | O64: =PRESU!P480 -> 9565178.5 | P64: =PRESU!Q480 -> 9565178.5
C66: =PRESU!D482 -> 27 | D66: =PRESU!E482 -> COPIA A | H66: =PRESU!I486 -> 8994000 | I66: =PRESU!J486 -> 1888740 | J66: =PRESU!K486 -> 10882740 | K66: =H66/$H$73 -> 0.13688815 | M66: =PRESU!N486 -> 0 | N66: =PRESU!O486 -> 0 | O66: =PRESU!P486 -> 8994000 | P66: =PRESU!Q486 -> 8994000
C68: =PRESU!D488 -> 28 | D68: =PRESU!E488 -> REALIZACION DE AFICHE / IMPRESIONES | H68: =PRESU!I494 -> 16574100 | I68: =PRESU!J494 -> 3480561 | J68: =PRESU!K494 -> 20054661 | K68: =H68/$H$73 -> 0.25225682 | M68: =PRESU!N494 -> 0 | N68: =PRESU!O494 -> 0 | O68: =PRESU!P494 -> 16574100 | P68: =PRESU!Q494 -> 16574100
C70: =PRESU!D496 -> 29 | D70: =PRESU!E496 -> PUBLICIDAD | H70: =PRESU!I501 -> 30570000 | I70: =PRESU!J501 -> 6419700 | J70: =PRESU!K501 -> 36989700 | K70: =H70/$H$73 -> 0.46527359 | M70: =PRESU!N501 -> 0 | N70: =PRESU!O501 -> 0 | O70: =PRESU!P501 -> 30570000 | P70: =PRESU!Q501 -> 30570000
F73: SUBTOTAL Rubros 26-29 | H73: =SUM(H63:H70) -> 65703279 | I73: =SUM(I62:I71) -> 13031361 | J73: =SUM(J62:J71) -> 78734640 | K73: =SUM(K63:K70) -> 1 | M73: =SUM(M62:M71) -> 0 | N73: =SUM(N62:N71) -> 0 | O73: =SUM(O62:O71) -> 65703279 | P73: =SUM(M73:O73) -> 65703279
F79: TOTAL Rubros 1 a 29 | H79: =H59+H73 -> 2.2488684e+09 | I79: =I73+I59 -> 2.5360937e+08 | J79: =J73+J59 -> 2.5024778e+09 | M79: =M73+M59 -> 6.9377839e+08 | N79: =N73+N59 -> 1.0753225e+09 | O79: =O73+O59 -> 4.7976755e+08 | P79: =SUM(M79:O79) -> 2.2488684e+09

Sheet PRESU
E3: PRESUPUESTO LARGOMETRAJE NACIONAL COSTO PROMEDIO proyectado a Marzo 2026 | F3: Preproducción | G3: 7 | H3: Sábados | I3: 0 | J3: Días Rodaje | K3: 30 | N3: FINANCIERO POR ETAPAS (sin IVA)
F4: Rodaje | G4: 6 | H4: Domingos | I4: 0 | J4: Estudio/Locacion | K4: 20
F5: Posproducción | G5: 10 | H5: HsEx. (x sem) | I5: =5*2.25 -> 11.25 | J5: Exteriores | K5: 10
F6: Inflación proyectada: | G6: 1.08
E7: RUBROS | F7: USD proyectado: | G7: 1550 | J7: IVA | K7: Total c/IVA | N7: PRE | O7: RODAJE | P7: POS | Q7: TOTAL
E9: DESGLOSE POR RUBROS | N9: FINANCIERO POR ETAPAS (sin IVA)
D11: 1 | E11: LIBRO / ARGUMENTO / GUION | F11: Unidad | G11: Importe | H11: Cantidad | I11: TOTAL | J11: IVA | K11: Total c/IVA | N11: PRE | O11: RODAJE | P11: POS | Q11: TOTAL
D12: 1.1 | E12: LIBRO ORIGINAL - Derecho de Autor | F12: Total | G12: 10000000 | H12: 1 | I12: =G12*H12 -> 10000000 | K12: =I12+J12 -> 10000000 | N12: =K12 -> 10000000
D13: 1.2 | E13: GUION Cinematografico (Conforme ARGENTORES, 5% del costo Bajo la Línea sin impuestos) | F13: Total | G13: 86656713 | H13: 1 | I13: =G13*H13 -> 86656713 | K13: =I13+J13 -> 86656713 | N13: =K13 -> 86656713 | S13: https://argentores.org.ar/cine/nuevos-minimo-contrato/
D14: 1.3 | E14: STORY BOARD | F14: Total | G14: 0 | H14: 1 | I14: =G14*H14 -> 0 | K14: =I14+J14 -> 0 | N14: =K14 -> 0
D15: 1.4 | E15: Animatics
D16: 1.5 | E16: TRADUCCIONES | F16: Total | G16: 2400000 | H16: 1 | I16: =G16*H16 -> 2400000 | K16: =I16+J16 -> 2400000 | N16: =K16 -> 2400000
D17: 1.6 | E17: COPISTERIA | F17: Copias | G17: 10000 | H17: 1 | I17: =G17*H17 -> 10000 | K17: =I17+J17 -> 10000 | N17: =K17 -> 10000
D18: 1.7 | E18: Tasa Argentores
D19: 1.8 | E19: OTROS | F19: Total | G19: 0 | H19: 1 | I19: =G19*H19 -> 0 | K19: =I19+J19 -> 0 | N19: =K19 -> 0
C20: =SUM(D12:D19) -> 0 | E20: <<<< Estos numeros suman para TOTAL comidas x día - catering - RUBRO 22 | G20: TOTAL RUBRO 1 | H20: TOTALES | I20: =SUM(I12:I19) -> 99066713 | J20: =SUM(J12:J19) -> 0 | K20: =SUM(K12:K19) -> 99066713 | N20: =SUM(N12:N19) -> 99066713 | O20: =SUM(O12:O19) -> 0 | P20: =SUM(P12:P19) -> 0 | Q20: =SUM(N20:P20) -> 99066713
D22: 2 | E22: DIRECCION | F22: Unidad | G22: Importe | H22: Cantidad | I22: TOTAL | J22: IVA | K22: Total c/IVA | N22: PRE | O22: RODAJE | P22: POS | Q22: TOTAL
C23: 1 | D23: 2.1 | E23: DIRECTOR/A (Conforme DAC, 10% del costo bajo la línea sin impuestos) | F23: Total | G23: 173313425 | H23: 1 | I23: =G23*H23 -> 173313425 | J23: =I23*21% -> 36395819 | K23: =I23+J23 -> 2.0970924e+08 | N23: =I23*33% -> 57193430 | O23: =I23*34% -> 58926565 | P23: =I23-N23-O23 -> 57193430 | S23: =52800000-PRESU!#REF! -> #REF!
D24: 2.2 | E24: Director/a segunda unidad | G24: 0 | H24: 1 | I24: =G24*H24 -> 0 | J24: =I24*21% -> 0 | K24: =I24 -> 0
C25: =SUM(C23:C24) -> 1 | G25: TOTAL RUBRO 2 | H25: TOTALES | I25: =SUM(I23:I24) -> 173313425 | J25: =SUM(J23:J24) -> 36395819 | K25: =SUM(K23:K24) -> 2.0970924e+08 | N25: =SUM(N23:N24) -> 57193430 | O25: =SUM(O23:O24) -> 58926565 | P25: =SUM(P23:P24) -> 57193430 | Q25: =SUM(N25:P25) -> 173313425
D27: 3 | E27: PRODUCCION | F27: Unidad | G27: Importe | H27: Cantidad | I27: TOTAL | J27: IVA | K27: Total c/IVA | N27: PRE | O27: RODAJE | P27: POS | Q27: TOTAL
C28: 1 | D28: 3.1 | E28: DIRECTOR/A DE PRODUCCIÓN | F28: Mes | G28: 4500000 | H28: 6 | I28: =G28*H28 -> 27000000 | K28: =I28 -> 27000000 | N28: =I28*30% -> 8100000 | O28: =I28*40% -> 10800000 | P28: =I28*30% -> 8100000
C29: 1 | D29: 3.2 | E29: PRODUCCIÓN EJECUTIVA (8% sobre total de presup excepto rubro Dir y Guión) | F29: Total | G29: 138650740 | H29: 1 | I29: =G29*H29 -> 138650740 | J29: =I29*21% -> 29116655 | K29: =I29+J29 -> 1.677674e+08 | N29: =I29*30% -> 41595222 | O29: =I29*40% -> 55460296 | P29: =I29*30% -> 41595222
D30: 3.3 | E30: Productor Delegado | F30: Total
D31: 3.4 | E31: OTROS: SECRETARIA DE PRODUCCION | F31: Mes | G31: 1500000 | H31: 8 | I31: =G31*H31 -> 12000000 | K31: =I31 -> 12000000 | N31: =I31*30% -> 3600000 | O31: =I31*40% -> 4800000 | P31: =I31*30% -> 3600000
C32: =SUM(C28:C30) -> 2 | G32: TOTAL RUBRO 3 | H32: TOTALES | I32: =SUM(I28:I31) -> 177650740 | J32: =SUM(J28:J31) -> 29116655 | K32: =SUM(K28:K31) -> 2.067674e+08 | N32: =SUM(N28:N31) -> 53295222 | O32: =SUM(O28:O31) -> 71060296 | P32: =SUM(P28:P31) -> 53295222 | Q32: =SUM(N32:P32) -> 177650740
D34: 4 | E34: EQUIPO TECNICO | F34: Unidad | G34: Importe | H34: Cantidad | I34: TOTAL | J34: IVA | K34: Total c/IVA | N34: PRE | O34: RODAJE | P34: POS | Q34: TOTAL
E35: BASE: Lunes a Viernes 8,45 hs + 2,15 hs extras diarias = 11 hs. totales (Algunos técnicos tiene mayor cantidad de Hs. Ex. x citaciones diferenciadas)
C36: ='Equ. Tec. x SICA'!C564 -> 51 | D36: 4.1 | E36: PERSONAL TECNICO SICA
E37: (Detalla en Solapa Equ. Tec. x SICA) | I37: ='Equ. Tec. x SICA'!H564 -> 4.074983e+08 | N37: ='Equ. Tec. x SICA'!N564 -> 99570340 | O37: ='Equ. Tec. x SICA'!O564 -> 2.1434108e+08 | P37: ='Equ. Tec. x SICA'!P564 -> 93586881
D38: 4.2 | E38: Cooperativa de Trabajo
J39: 0 | K39: =J39 -> 0
D40: 4.3 | E40: Dietas / Perdiem
J41: 0 | K41: =J41 -> 0
D42: 4.4 | E42: Otros
J43: 0 | K43: =J43 -> 0
C44: =SUM(C36:C43) -> 51 | G44: TOTAL RUBRO 4 | I44: =I37+I41+I43 -> 4.074983e+08 | J44: =SUM(J36:J43) -> 0 | K44: =I44 -> 4.074983e+08 | N44: =SUM(N35:N43) -> 99570340 | O44: =SUM(O35:O43) -> 2.1434108e+08 | P44: =SUM(P35:P43) -> 93586881 | Q44: =SUM(N44:P44) -> 4.074983e+08
D46: 5 | E46: ELENCO | F46: Unidad | G46: Importe | H46: Cantidad | I46: TOTAL | J46: IVA | K46: Total c/IVA | N46: PRE | O46: RODAJE | P46: POS | Q46: TOTAL
E47: (AAA de Enero 2024 proyectado a Sept 2024) - Base Convenio Colectivo de Trabajo de AAA
C48: 3 | D48: 5.1 | E48: ELENCO PRINCIPAL
E49: 1 Protagonista Principal | F49: Total | G49: 25000000 | H49: 1
E50: 2 Protagónicos de 1ra Categoría (AAA x 8 semanas) | F50: Total | G50: ='AAA a Marzo26'!D6*H50 -> 11058068 | H50: 2
E51: Semanas Contrato AAA | F51: Total | G51: 8 | H51: Remun. Bruta | I51: =SUM(G50:G50)*H50+G49 -> 47116136
E52: SAC | F52: Total | G52: =I51 -> 47116136 | H52: 0.0833 | I52: =+H52*G52 -> 3924774.2
E53: VAC (Total Bruto / cantidad de semanas / 5) x (días corridos de contrato / 20) | F53: =G52/(5*G51) -> 1177903.4 | G53: =F53*(G51*7) -> 65962591 | H53: 20 | I53: =G53/H53 -> 3298129.5 | J53: 0 | K53: =SUM(I51:I53) -> 54339040 | N53: =K53*33% -> 17931883 | O53: =K53-N53 -> 36407157 | P53: =K53-N53-O53 -> 0
C54: 2 | D54: 5.2 | E54: ELENCO SECUNDARIO
E55: 2 Secundarios de 2da. Categoría (Mínimo AAA x 8 semanas) | F55: Total | G55: ='AAA a Marzo26'!D7*2 -> 8687301.8 | H55: 2
E56: Semanas Contrato AAA | F56: Total | G56: 8 | H56: Remun. Bruta | I56: =SUM(G55:G55)*H55 -> 17374604
E57: SAC | F57: Total | G57: =I56 -> 17374604 | H57: =H52 -> 0.0833 | I57: =+H57*G57 -> 1447304.5
E58: VAC (Total Bruto / cantidad de semanas / 5) x (días corridos de contrato / 20) | F58: =G57/(5*G56) -> 434365.09 | G58: =F58*(G56*7) -> 24324445 | H58: 20 | I58: =G58/H58 -> 1216222.3 | J58: 0 | K58: =SUM(I56:I58) -> 20038130 | N58: =K58*33% -> 6612583 | O58: =K58-N58 -> 13425547 | P58: =K58-N58-O58 -> 0
C59: 30 | D59: 5.3 | E59: BOLOS MAYORES y MENORES
E60: Bolos Mayores | F60: 5 | G60: ='AAA a Marzo26'!D11 -> 409178.52 | H60: =G60*F60 -> 2045892.6
E61: Bolos Mayores (20) | F61: Días | G61: ='AAA a Marzo26'!D11 -> 409178.52 | H61: =G61*20 -> 8183570.4
E62: Bolos menores (10) | F62: Días | G62: ='AAA a Marzo26'!D12 -> 338103.72 | H62: =G62*10 -> 3381037.2
H63: Sub Total | I63: =SUM(H60:H62) -> 13610500
E64: Porcentual por Pruebas Vestuario y Ensayos | F64: 0.15 | G64: =I63 -> 13610500 | H64: 1 | I64: =+H64*G64*F64 -> 2041575
E65: Porcentual por Hs.Extras | F65: 0.1 | G65: =I63 -> 13610500 | H65: 1 | I65: =+H65*G65*F65 -> 1361050
E66: SAC | F66: Total | G66: =I63+I64+I65 -> 17013125 | H66: =H57 -> 0.0833 | I66: =+H66*G66 -> 1417193.3 | J66: 0 | K66: =SUM(I63:I66) -> 18430319 | O66: =K66 -> 18430319
D67: 5.4 | E67: Stunt
J68: 0 | K68: =J68 -> 0
C69: =150/40 -> 3.75 | D69: 5.5 | E69: EXTRAS - TOTAL 40
E70: Bolo COMUN
E71: Por la película (120) | F71: Extras | G71: ='SUTEP a Marzo26'!D4 -> 68146.92 | H71: 120 | I71: =+G71*H71 -> 8177630.4
E72: Hs. Extras Diurnas (2hs x Extra) | F72: Hs. Extras | G72: ='SUTEP a Marzo26'!D5 -> 12778.56 | H72: 6 | I72: =+G72*H72 -> 76671.36
E73: Bolo CALIFICADO
E74: Por la película (100) | F74: Extras | G74: ='SUTEP a Marzo26'!D12 -> 112455 | H74: 100 | I74: =+G74*H74 -> 11245500
E75: Hs. Extras Diurnas (3hs x Extra) | F75: Hs. Extras | G75: ='SUTEP a Marzo26'!D14 -> 28114.56 | H75: =H74*3 -> 300 | I75: =+G75*H75 -> 8434368
E76: PLANILLERO
E77: Por la película (estimado 20 días citacion de extras) | F77: Días | G77: ='SUTEP a Marzo26'!D19 -> 134202.96 | H77: 20 | I77: =+G77*H77 -> 2684059.2
E78: Hs. Extras Diurnas (3hs x día) | F78: Hs. Extras | G78: ='SUTEP a Marzo26'!D21 -> 33550.2 | H78: =H77*3 -> 60 | I78: =+G78*H78 -> 2013012
J79: 0 | K79: =SUM(I71:I79) -> 32631241 | O79: =K79 -> 32631241
D80: 5.6 | E80: Animales
J81: 0 | K81: =J81 -> 0
D82: 5.7 | E82: Coordinación de Intimidad
J83: 0 | K83: =J83 -> 0
D84: 5.8 | E84: Coach actoral
J85: 0 | K85: =J85 -> 0
D86: 5.9 | E86: Sala de Ensayos
J87: 0 | K87: =J87 -> 0
D88: 5.10 | E88: Dietas / Perdiem
J89: 0 | K89: =J89 -> 0
D90: 5.11 | E90: OTROS - DOBLES DE ACCION / LUCES
E91: BAILARINES | F91: Total | G91: 0 | H91: 1 | I91: =G91*H91 -> 0 | J91: 0 | K91: =SUM(I91) -> 0 | O91: =K91 -> 0
E92: Músicos/ Orquesta | F92: Total | G92: 0 | H92: 1 | I92: =G92*H92 -> 0 | J92: 0 | K92: =SUM(I92) -> 0 | O92: =K92 -> 0
E93: DOBLE DE LUCES - Actores principales | F93: Total | G93: 0 | H93: 1 | I93: =G93*H93 -> 0 | J93: 0 | K93: =SUM(I93) -> 0 | O93: =K93 -> 0
E94: DOBLES DE ACCION | F94: Actores | G94: 0 | H94: 1 | J94: 0 | K94: =SUM(I94) -> 0 | O94: =K94 -> 0
C95: =SUM(C48:C94) -> 38.75 | G95: TOTAL RUBRO 5 | H95: TOTALES | I95: =SUM(I47:I94) -> 1.2543873e+08 | J95: =SUM(J48:J94) -> 0 | K95: =SUM(K48:K94) -> 1.2543873e+08 | N95: =SUM(N47:N94) -> 24544466 | O95: =SUM(O47:O94) -> 1.0089426e+08 | P95: =SUM(P47:P94) -> 0 | Q95: =SUM(N95:P95) -> 1.2543873e+08
D97: 6 | E97: CARGAS SOCIALES | F97: Unidad | G97: Importe | H97: Cantidad | I97: TOTAL | J97: IVA | K97: Total c/IVA | N97: PRE | O97: RODAJE | P97: POS | Q97: TOTAL
D98: 6.1 | E98: Cargas Soc. AAA - Contribuciones Patronales - 25% + 2,4 % ART - Fondo Maternidad | F98: =(25+2.4)/100 -> 0.274 | G98: =K95-K79 -> 92807489 | H98: 1 | I98: =F98*G98*H98 -> 25429252 | J98: 0 | K98: =I98+J98 -> 25429252 | N98: =I98*30% -> 7628775.6 | O98: =I98-N98 -> 17800476
E99: (Aportes sumados en el Bruto AAA)
D100: 6.2 | E100: Cargas Soc. SICA - Contribuciones Patronales - 27% + 2% | F100: =(27+2)/100 -> 0.29 | G100: =I44 -> 4.074983e+08 | H100: 1 | I100: =F100*G100*H100 -> 1.1817451e+08 | J100: 0 | K100: =I100+J100 -> 1.1817451e+08 | N100: =I100*30% -> 35452352 | O100: =I100*50% -> 59087253 | P100: =I100-N100-O100 -> 23634901
E101: (Aportes sumados en el Bruto SICA)
D102: 6.3 | E102: Cargas Soc. SADEM -Música Original + Músicos- 6 % Aportes (Musicos) + 7% Contribuciones (Productor) | F102: 0.13 | G102: =G205 -> 9600940.1 | H102: 1 | I102: =F102*G102*H102 -> 1248122.2 | J102: 0 | K102: =I102+J102 -> 1248122.2 | P102: =K102 -> 1248122.2
E103: Libre Deuda SADEM | G103: =288406*G6 -> 311478.48 | I103: =G103 -> 311478.48 | K103: =I103+J103 -> 311478.48 | P103: =K103 -> 311478.48
D104: 6.4 | E104: Cargas Soc. SUTEP 15% sobre el Total estimado para los Extras | F104: 0.15 | G104: =K79 -> 32631241 | H104: 1 | I104: =F104*G104*H104 -> 4894686.1 | J104: 0 | K104: =I104+J104 -> 4894686.1 | O104: =I104 -> 4894686.1
D106: 6.5 | E106: Otras Cargas Sociales | H106: 0 | J106: 0 | K106: =I106+J106 -> 0
C108: =SUM(C100:C104) -> 0 | G108: TOTAL RUBRO 6 | H108: TOTALES | I108: =SUM(I98:I107) -> 1.5005805e+08 | J108: =SUM(J98:J107) -> 0 | K108: =SUM(K98:K107) -> 1.5005805e+08 | N108: =SUM(N98:N107) -> 43081127 | O108: =SUM(O98:O107) -> 81782416 | P108: =SUM(P98:P107) -> 25194502 | Q108: =SUM(N108:P108) -> 1.5005805e+08
D110: 7 | E110: VESTUARIO | F110: Unidad | G110: Importe | H110: Cantidad | I110: TOTAL | J110: IVA | K110: Total c/IVA | N110: PRE | O110: RODAJE | P110: POS | Q110: TOTAL
D111: 7.1 | E111: COMPRA MATERIALES
E112: Protagónicos | F112: Cambios | G112: =960000*G6*122% -> 1264896 | H112: 10 | I112: =H112*G112 -> 12648960 | J112: =I112*21% -> 2656281.6 | K112: =I112+J112 -> 15305242 | N112: =I112*0.8 -> 10119168 | O112: =I112*0.2 -> 2529792
...

Sheet Equ. Tec. x SICA
D3: EQUIPO TÉCNICO SICA - proyectado a Marzo 2026 | E3: Preproducción | F3: 7 | G3: Sábados | H3: 0 | I3: Días Rodaje | J3: 30 | N3: FINANCIERO POR ETAPAS (sin IVA)
E4: Rodaje | F4: 6 | G4: Domingos | H4: 0 | I4: Estudio | J4: 20
E5: Posproducción | F5: 10 | G5: HsEx. (x sem) | H5: =5*2.25 -> 11.25 | I5: Exteriores | J5: 10
D6: RUBROS | H6: TOTAL | I6: IVA | J6: Total c/IVA | L6: % | N6: PRE | O6: RODAJE | P6: POS | Q6: TOTAL
D8: DESGLOSE POR RUBROS | N8: FINANCIERO POR ETAPAS (sin IVA)
C11: 4 | D11: EQUIPO TECNICO (Sobre lista SICA) | E11: Unidad | F11: Importe | G11: Cantidad | H11: TOTAL | I11: IVA | J11: Total c/IVA | N11: PRE | O11: RODAJE | P11: POST | Q11: TOTAL
D12: BASE: Lunes a Viernes 8,45 hs + 2.15 hs extras diarias = 11 hs totales (Algunos técnicos tiene mayor cantidad de Hs.Ex. x citaciones diferenciadas)
B13: 1 | C13: 1 | D13: JEFE DE PRODUCCION | E13: ='SICA a Marzo2026'!E5 -> 801308.16
D14: Preproducción | E14: Sem. | F14: =E13 -> 801308.16 | G14: 8 | H14: =+G14*F14 -> 6410465.3 | N14: =H14 -> 6410465.3
D15: Rodaje | E15: Sem. | F15: =E13 -> 801308.16 | G15: =$F$4 -> 6 | H15: =+G15*F15 -> 4807849 | O15: =H15 -> 4807849
D16: Hs Extras x sem. | E16: =$H$5+2 -> 13.25 | F16: =E13/44*1.5 -> 27317.324 | G16: =$F$4 -> 6 | H16: =+G16*F16*E16 -> 2171727.2 | O16: =H16 -> 2171727.2
D17: Sábados | E17: Días | F17: =E13/5*1.5 -> 240392.45 | G17: 2 | H17: =+G17*F17 -> 480784.9 | O17: =H17 -> 480784.9
D18: Domingos | E18: Días | F18: =E13/5*2 -> 320523.26 | G18: =$H$4 -> 0 | H18: =+G18*F18 -> 0 | O18: =H18 -> 0
D19: Posproducción | E19: Sem. | F19: =E13 -> 801308.16 | G19: 3 | H19: =+G19*F19 -> 2403924.5 | P19: =SUM(H19) -> 2403924.5
D20: Semanas trabajadas | E20: Total | F20: =G14+G15+G19 -> 17 | G20: Remun. Bruta | H20: =SUM(H14:H19) -> 16274751
D21: SAC | E21: Total | F21: =SUM(H14:H19) -> 16274751 | G21: 0.0833 | H21: =+G21*F21 -> 1355686.7 | P21: =H21 -> 1355686.7
D22: VAC (Total Bruto / cantidad de semanas / 5) x (días corridos de contrato / 20) | E22: =F21/(5*F20) -> 191467.66 | F22: =E22*(F20*7) -> 22784651 | G22: 20 | H22: =F22/G22 -> 1139232.6 | K22: =SUM(G14:G22) -> 45.0833 | P22: =H22 -> 1139232.6
D23: SAC S/ VAC | E23: 0.083333333 | F23: =H22 -> 1139232.6 | G23: 1 | H23: =F23*E23 -> 94936.047 | I23: 0 | J23: =SUM(H20:H23) -> 18864606 | K23: =SUM(G15:G23) -> 38.0833 | P23: =H23 -> 94936.047
B25: 2 | C25: 2 | D25: ASISTENTE DE PRODUCCION (x 2 en Pre y Rodaje) | E25: ='SICA a Marzo2026'!E6 -> 604155.24 | F25: =E25*C25 -> 1208310.5
D26: Preproducción | E26: Sem. | F26: =F25 -> 1208310.5 | G26: =F3 -> 7 | H26: =+G26*F26 -> 8458173.4 | N26: =H26 -> 8458173.4
D27: Rodaje | E27: Sem. | F27: =F25 -> 1208310.5 | G27: =$F$4 -> 6 | H27: =+G27*F27 -> 7249862.9 | O27: =H27 -> 7249862.9
D28: Hs Extras x sem. | E28: =$H$5+2 -> 13.25 | F28: =F25/44*1.5 -> 41192.403 | G28: =$F$4 -> 6 | H28: =+G28*F28*E28 -> 3274796 | O28: =H28 -> 3274796
D29: Sábados | E29: Días | F29: =F25/5*1.5 -> 362493.14 | G29: =$H$3 -> 0 | H29: =+G29*F29 -> 0 | O29: =H29 -> 0
D30: Domingos | E30: Días | F30: =F25/5*2 -> 483324.19 | G30: =$H$4 -> 0 | H30: =+G30*F30 -> 0 | O30: =H30 -> 0
D31: Posproducción | E31: Sem. | F31: =F25 -> 1208310.5 | G31: 2 | H31: =+G31*F31 -> 2416621 | P31: =SUM(H31) -> 2416621
D32: Semanas trabajadas | E32: Total | F32: =G26+G27+G31 -> 15 | G32: Remun. Bruta | H32: =SUM(H26:H31) -> 21399453
D33: SAC | E33: Total | F33: =SUM(H26:H31) -> 21399453 | G33: =$G$21 -> 0.0833 | H33: =+G33*F33 -> 1782574.5 | P33: =H33 -> 1782574.5
D34: VAC (Total Bruto / cantidad de semanas / 5) x (días corridos de contrato / 20) | E34: =F33/(5*F32) -> 285326.04 | F34: =E34*(F32*7) -> 29959235 | G34: =$G$22 -> 20 | H34: =F34/G34 -> 1497961.7 | K34: =SUM(G27:G34) -> 34.0833 | P34: =H34 -> 1497961.7
D35: SAC S/ VAC | E35: 0.083333333 | F35: =H34 -> 1497961.7 | G35: 1 | H35: =F35*E35 -> 124830.14 | I35: 0 | J35: =SUM(H32:H35) -> 24804820 | K35: =SUM(G27:G35) -> 35.0833 | P35: =H35 -> 124830.14
B37: 3 | C37: 1 | D37: AYUDANTE de PRODUCCION | E37: ='SICA a Marzo2026'!E7 -> 446644.8
D38: Preproducción | E38: Sem. | F38: =E37 -> 446644.8 | G38: 5 | H38: =+G38*F38 -> 2233224 | N38: =H38 -> 2233224
D39: Rodaje | E39: Sem. | F39: =E37 -> 446644.8 | G39: =$F$4 -> 6 | H39: =+G39*F39 -> 2679868.8 | O39: =H39 -> 2679868.8
D40: Hs Extras x sem. | E40: =$H$5+2 -> 13.25 | F40: =E37/44*1.5 -> 15226.527 | G40: =$F$4 -> 6 | H40: =+G40*F40*E40 -> 1210508.9 | O40: =H40 -> 1210508.9
D41: Sábados | E41: Días | F41: =E37/5*1.5 -> 133993.44 | G41: =$H$3 -> 0 | H41: =+G41*F41 -> 0 | O41: =H41 -> 0
D42: Domingos | E42: Días | F42: =E37/5*2 -> 178657.92 | G42: =$H$4 -> 0 | H42: =+G42*F42 -> 0 | O42: =H42 -> 0
D43: Posproducción | E43: Sem. | F43: =E37 -> 446644.8 | G43: 1 | H43: =+G43*F43 -> 446644.8 | P43: =SUM(H43) -> 446644.8
D44: Semanas trabajadas | E44: Total | F44: =G38+G39+G43 -> 12 | G44: Remun. Bruta | H44: =SUM(H38:H43) -> 6570246.5
D45: SAC | E45: Total | F45: =SUM(H38:H43) -> 6570246.5 | G45: =$G$21 -> 0.0833 | H45: =+G45*F45 -> 547301.53 | P45: =H45 -> 547301.53
D46: VAC (Total Bruto / cantidad de semanas / 5) x (días corridos de contrato / 20) | E46: =F45/(5*F44) -> 109504.11 | F46: =E46*(F44*7) -> 9198345.1 | G46: =$G$22 -> 20 | H46: =F46/G46 -> 459917.26 | K46: =SUM(G38:G46) -> 38.0833 | P46: =H46 -> 459917.26
D47: SAC S/ VAC | E47: 0.083333333 | F47: =H46 -> 459917.26 | G47: 1 | H47: =F47*E47 -> 38326.438 | I47: 0 | J47: =SUM(H44:H47) -> 7615791.7 | K47: =SUM(G39:G47) -> 34.0833 | P47: =H47 -> 38326.438
B49: 4 | C49: 1 | D49: JEFE DE LOCACIONES | E49: ='SICA a Marzo2026'!E8 -> 751107.6
D50: Preproducción | E50: Sem. | F50: =E49 -> 751107.6 | G50: 10 | H50: =+G50*F50 -> 7511076 | N50: =H50 -> 7511076
D51: Rodaje | E51: Sem. | F51: =E49 -> 751107.6 | G51: =$F$4 -> 6 | H51: =+G51*F51 -> 4506645.6 | O51: =H51 -> 4506645.6
D52: Hs Extras x sem. | E52: =$H$5+2 -> 13.25 | F52: =E49/44*1.5 -> 25605.941 | G52: =$F$4 -> 6 | H52: =+G52*F52*E52 -> 2035672.3 | O52: =H52 -> 2035672.3
D53: Sábados | E53: Días | F53: =E49/5*1.5 -> 225332.28 | G53: =$H$3 -> 0 | H53: =+G53*F53 -> 0 | O53: =H53 -> 0
D54: Domingos | E54: Días | F54: =E49/5*2 -> 300443.04 | G54: =$H$4 -> 0 | H54: =+G54*F54 -> 0 | O54: =H54 -> 0
D55: Posproducción | E55: Sem. | F55: =E49 -> 751107.6 | G55: 1 | H55: =+G55*F55 -> 751107.6 | P55: =SUM(H55) -> 751107.6
D56: Semanas trabajadas | E56: Total | F56: =G50+G51+G55 -> 17 | G56: Remun. Bruta | H56: =SUM(H50:H55) -> 14804502
D57: SAC | E57: Total | F57: =SUM(H50:H55) -> 14804502 | G57: =$G$21 -> 0.0833 | H57: =+G57*F57 -> 1233215 | P57: =H57 -> 1233215
D58: VAC (Total Bruto / cantidad de semanas / 5) x (días corridos de contrato / 20) | E58: =F57/(5*F56) -> 174170.61 | F58: =E58*(F56*7) -> 20726302 | G58: =$G$22 -> 20 | H58: =F58/G58 -> 1036315.1 | K58: =SUM(G50:G58) -> 43.0833 | P58: =H58 -> 1036315.1
D59: SAC S/ VAC | E59: 0.083333333 | F59: =H58 -> 1036315.1 | G59: 1 | H59: =F59*E59 -> 86359.592 | I59: 0 | J59: =SUM(H56:H59) -> 17160391 | K59: =SUM(G51:G59) -> 34.0833 | P59: =H59 -> 86359.592
B61: 5 | C61: 1 | D61: ASISTENTE DE LOCACIONES | E61: ='SICA a Marzo2026'!E9 -> 551815.2
D62: Preproducción | E62: Sem. | F62: =E61 -> 551815.2 | G62: =F3 -> 7 | H62: =+G62*F62 -> 3862706.4 | N62: =H62 -> 3862706.4
D63: Rodaje | E63: Sem. | F63: =E61 -> 551815.2 | G63: =$F$4 -> 6 | H63: =+G63*F63 -> 3310891.2 | O63: =H63 -> 3310891.2
D64: Hs Extras x sem. | E64: =$H$5+2 -> 13.25 | F64: =E61/44*1.5 -> 18811.882 | G64: =$F$4 -> 6 | H64: =+G64*F64*E64 -> 1495544.6 | O64: =H64 -> 1495544.6
D65: Sábados | E65: Días | F65: =E61/5*1.5 -> 165544.56 | G65: =$H$3 -> 0 | H65: =+G65*F65 -> 0 | O65: =H65 -> 0
D66: Domingos | E66: Días | F66: =E61/5*2 -> 220726.08 | G66: =$H$4 -> 0 | H66: =+G66*F66 -> 0 | O66: =H66 -> 0
D67: Posproducción | E67: Sem. | F67: =E61 -> 551815.2 | G67: =$H$4 -> 0 | H67: =+G67*F67 -> 0 | P67: =SUM(H67) -> 0
D68: Semanas trabajadas | E68: Total | F68: =G62+G63+G67 -> 13 | G68: Remun. Bruta | H68: =SUM(H62:H67) -> 8669142.2
D69: SAC | E69: Total | F69: =SUM(H62:H67) -> 8669142.2 | G69: =$G$21 -> 0.0833 | H69: =+G69*F69 -> 722139.55 | P69: =H69 -> 722139.55
D70: VAC (Total Bruto / cantidad de semanas / 5) x (días corridos de contrato / 20) | E70: =F69/(5*F68) -> 133371.42 | F70: =E70*(F68*7) -> 12136799 | G70: =$G$22 -> 20 | H70: =F70/G70 -> 606839.95 | K70: =SUM(G62:G70) -> 39.0833 | P70: =H70 -> 606839.95
D71: SAC S/ VAC | E71: 0.083333333 | F71: =H70 -> 606839.95 | G71: 1 | H71: =F71*E71 -> 50569.996 | I71: 0 | J71: =SUM(H68:H71) -> 10048692 | K71: =SUM(G63:G71) -> 33.0833 | P71: =H71 -> 50569.996
B73: 6 | C73: 1 | D73: ASISTENTE DE DIRECCION | E73: ='SICA a Marzo2026'!E10 -> 801308.16
D74: Preproducción | E74: Sem. | F74: =E73 -> 801308.16 | G74: 8 | H74: =+G74*F74 -> 6410465.3 | N74: =H74 -> 6410465.3
D75: Rodaje | E75: Sem. | F75: =E73 -> 801308.16 | G75: =$F$4 -> 6 | H75: =+G75*F75 -> 4807849 | O75: =H75 -> 4807849
D76: Hs Extras x sem. | E76: =$H$5 -> 11.25 | F76: =E73/44*1.5 -> 27317.324 | G76: =$F$4 -> 6 | H76: =+G76*F76*E76 -> 1843919.3 | O76: =H76 -> 1843919.3
D77: Sábados | E77: Días | F77: =E73/5*1.5 -> 240392.45 | G77: =$H$3 -> 0 | H77: =+G77*F77 -> 0 | O77: =H77 -> 0
D78: Domingos | E78: Días | F78: =E73/5*2 -> 320523.26 | G78: =$H$4 -> 0 | H78: =+G78*F78 -> 0 | O78: =H78 -> 0
D79: Posproducción | E79: Sem. | F79: =E73 -> 801308.16 | G79: =$F$5-$F$5 -> 0 | H79: =+G79*F79 -> 0 | P79: =SUM(H79) -> 0
D80: Semanas trabajadas | E80: Total | F80: =G74+G75+G79 -> 14 | G80: Remun. Bruta | H80: =SUM(H74:H79) -> 13062234
D81: SAC | E81: Total | F81: =SUM(H74:H79) -> 13062234 | G81: =$G$21 -> 0.0833 | H81: =+G81*F81 -> 1088084.1 | P81: =H81 -> 1088084.1
D82: VAC (Total Bruto / cantidad de semanas / 5) x (días corridos de contrato / 20) | E82: =F81/(5*F80) -> 186603.34 | F82: =E82*(F80*7) -> 18287127 | G82: =$G$22 -> 20 | H82: =F82/G82 -> 914356.35 | I82: 0 | K82: =SUM(G74:G82) -> 40.0833 | P82: =H82 -> 914356.35
D83: SAC S/ VAC | E83: 0.083333333 | F83: =H82 -> 914356.35 | G83: 1 | H83: =F83*E83 -> 76196.363 | I83: 0 | J83: =SUM(H80:H83) -> 15140870 | K83: =SUM(G75:G83) -> 33.0833 | P83: =H83 -> 76196.363
B85: 7 | C85: 1 | D85: PRIMERO DE DIRECCION / CONTINUISTA | E85: ='SICA a Marzo2026'!E12 -> 604155.24
D86: Preproducción | E86: Sem. | F86: =E85 -> 604155.24 | G86: 3 | H86: =+G86*F86 -> 1812465.7 | N86: =H86 -> 1812465.7
D87: Rodaje | E87: Sem. | F87: =E85 -> 604155.24 | G87: =$F$4 -> 6 | H87: =+G87*F87 -> 3624931.4 | O87: =H87 -> 3624931.4
D88: Hs Extras x sem. | E88: =$H$5 -> 11.25 | F88: =E85/44*1.5 -> 20596.201 | G88: =$F$4 -> 6 | H88: =+G88*F88*E88 -> 1390243.6 | O88: =H88 -> 1390243.6
D89: Sábados | E89: Días | F89: =E85/5*1.5 -> 181246.57 | G89: =$H$3 -> 0 | H89: =+G89*F89 -> 0 | O89: =H89 -> 0
D90: Domingos | E90: Días | F90: =E85/5*2 -> 241662.1 | G90: =$H$4 -> 0 | H90: =+G90*F90 -> 0 | O90: =H90 -> 0
D91: Posproducción | E91: Sem. | F91: =E85 -> 604155.24 | G91: =$F$5-$F$5 -> 0 | H91: =+G91*F91 -> 0 | P91: =SUM(H91) -> 0
D92: Semanas trabajadas | E92: Total | F92: =G86+G87+G91 -> 9 | G92: Remun. Bruta | H92: =SUM(H86:H91) -> 6827640.8
D93: SAC | E93: Total | F93: =SUM(H86:H91) -> 6827640.8 | G93: =$G$21 -> 0.0833 | H93: =+G93*F93 -> 568742.47 | P93: =H93 -> 568742.47
D94: VAC (Total Bruto / cantidad de semanas / 5) x (días corridos de contrato / 20) | E94: =F93/(5*F92) -> 151725.35 | F94: =E94*(F92*7) -> 9558697.1 | G94: =$G$22 -> 20 | H94: =F94/G94 -> 477934.85 | I94: 0 | K94: =SUM(G86:G94) -> 35.0833 | P94: =H94 -> 477934.85
D95: SAC S/ VAC | E95: 0.083333333 | F95: =H94 -> 477934.85 | G95: 1 | H95: =F95*E95 -> 39827.904 | I95: 0 | J95: =SUM(H92:H95) -> 7914146 | K95: =SUM(G87:G95) -> 33.0833 | P95: =H95 -> 39827.904
B97: 8 y 9 | C97: 2 | D97: SEGUNDO AYUDANTE DE DIRECCION (2 puestos en Rodaje y Post) | E97: ='SICA a Marzo2026'!E13 -> 446644.8 | F97: =E97*C97 -> 893289.6
D98: Preproducción | E98: Sem. | F98: =F97 -> 893289.6 | G98: 6 | H98: =F98*G98 -> 5359737.6 | N98: =H98 -> 5359737.6
D99: Rodaje | E99: Sem. | F99: =F97 -> 893289.6 | G99: =$F$4 -> 6 | H99: =F99*G99 -> 5359737.6 | O99: =H99 -> 5359737.6
D100: Hs Extras x sem. | E100: =$H$5 -> 11.25 | F100: =F97/44*1.5 -> 30453.055 | G100: =$F$4 -> 6 | H100: =F100*G100 -> 182718.33 | O100: =H100 -> 182718.33
D101: Sábados | E101: Días | F101: =F97/5*1.5 -> 267986.88 | G101: =$H$3 -> 0 | H101: =F101*G101 -> 0 | O101: =H101 -> 0
D102: Domingos | E102: Días | F102: =F97/5*2 -> 357315.84 | G102: =$H$4 -> 0 | H102: =F102*G102 -> 0 | O102: =H102 -> 0
D103: Posproducción | E103: Sem. | F103: =F97 -> 893289.6 | G103: =$F$5-$F$5 -> 0 | H103: =F103*G103 -> 0 | P103: =H103 -> 0
D104: Semanas trabajadas | E104: Total | F104: =G98+G99+G103 -> 12 | G104: Remun. Bruta | H104: =SUM(H98:H103) -> 10902194
D105: SAC | E105: Total | F105: =SUM(H98:H103) -> 10902194 | G105: =$G$21 -> 0.0833 | H105: =+G105*F105 -> 908152.72 | P105: =H105 -> 908152.72
D106: VAC (Total Bruto / cantidad de semanas / 5) x (días corridos de contrato / 20) | E106: =F105/(5*F104) -> 181703.23 | F106: =E106*(F104*7) -> 15263071 | G106: =$G$22 -> 20 | H106: =F106/G106 -> 763153.55 | I106: 0 | K106: =SUM(G98:G106) -> 38.0833 | P106: =H106 -> 763153.55
D107: SAC S/ VAC | E107: 0.083333333 | F107: =H106 -> 763153.55 | G107: 1 | H107: =F107*E107 -> 63596.129 | I107: 0 | J107: =SUM(H104:H107) -> 12637096 | K107: =SUM(G99:G107) -> 33.0833 | P107: =H107 -> 63596.129
B109: 10 | C109: 1 | D109: DIRECTOR DE CASTING | E109: ='SICA a Marzo2026'!E14 -> 801308.16
D110: Preproducción | E110: Sem. | F110: =E109 -> 801308.16 | G110: 10 | H110: =F110*G110 -> 8013081.6 | N110: =H110 -> 8013081.6
D111: Rodaje | E111: Sem. | F111: =E109 -> 801308.16 | G111: 4 | H111: =F111*G111 -> 3205232.6 | O111: =H111 -> 3205232.6
D112: Hs Extras x sem. | E112: =$H$5-H5 -> 0 | F112: =E109/44*1.5 -> 27317.324 | G112: 0 | H112: =F112*G112 -> 0 | O112: =H112 -> 0
D113: Sábados | E113: Días | F113: =E109/5*1.5 -> 240392.45 | G113: 0 | H113: =F113*G113 -> 0 | O113: =H113 -> 0
...

Sheet SICA a Marzo2026
A2: # | B2: SICA - Sueldos Brutos Semanales al 31/12/25 | E2: actualización a MARZO 2026
C3: https://www.sicacine.org.ar/ | E3: 0.08
A5: 1 | B5: JEFE/A DE PRODUCCIÓN | D5: 741952 | E5: =D5*$E$3+D5 -> 801308.16
A6: 2 | B6: ASISTENTE DE PRODUCCIÓN | D6: 559403 | E6: =D6*$E$3+D6 -> 604155.24
A7: 3 | B7: AYUDANTE DE PRODUCCIÓN | D7: 413560 | E7: =D7*$E$3+D7 -> 446644.8
A8: 4 | B8: JEFE/A DE LOCACIONES | D8: 695470 | E8: =D8*$E$3+D8 -> 751107.6
A9: 5 | B9: ASISTENTE DE LOCACIONES | D9: 510940 | E9: =D9*$E$3+D9 -> 551815.2
A10: 6 | B10: ASISTENTE DE DIRECCIÓN | D10: 741952 | E10: =D10*$E$3+D10 -> 801308.16
A11: 7 | B11: CONTINUISTA / SCRIPT | D11: 559403 | E11: =D11*$E$3+D11 -> 604155.24
A12: 8 | B12: 1º AYUDANTE DE DIRECCIÓN | D12: 559403 | E12: =D12*$E$3+D12 -> 604155.24
A13: 9 | B13: 2º AYUDANTE DE DIRECCIÓN | D13: 413560 | E13: =D13*$E$3+D13 -> 446644.8
A14: 10 | B14: DIRECCIÓN DE CASTING | D14: 741952 | E14: =D14*$E$3+D14 -> 801308.16
A15: 11 | B15: ASISTENTE DE CASTING | D15: 510940 | E15: =D15*$E$3+D15 -> 551815.2
A16: 12 | B16: DIRECCIÓN DE FOTOGRAFÍA | D16: 826632 | E16: =D16*$E$3+D16 -> 892762.56
... A52: 48 | B52: APRENDIZ | D52: 198432 | E52: =D52*$E$3+D52 -> 214306.56

Sheet AAA a Marzo26
B2: Asociacion Argentina de Actores Salarios Brutos a Diciembre 2025 | D2: actualización a MARZO 2026
B3: https://actores.org.ar/ | D3: 0.08
B5: Director de puesta en escena (Contrato h/8 sem) | C5: 5119476 | D5: =C5+(C5*$D$3) -> 5529034.1
B6: Rol de 1ra Categoria (Contrato h/ 8 sem) | C6: 5119476 | D6: =C6+(C6*$D$3) -> 5529034.1
B7: Rol de 2da Categoria (Contrato h/8 sem) | C7: 4021899 | D7: =C7+(C7*$D$3) -> 4343650.9
B8: Rol de 3ra Categoria (Contrato h/8 sem) | C8: 3297504 | D8: =C8+(C8*$D$3) -> 3561304.3
B9: Hs- Extra al 100% s/contratos (por hora) | C9: 88299 | D9: =C9+(C9*$D$3) -> 95362.92
B10: Hs- Extra al 50% s/contratos (por hora) | C10: 63927 | D10: =C10+(C10*$D$3) -> 69041.16
B11: Bolo Mayor de filmacion por dia | C11: 378869 | D11: =C11+(C11*$D$3) -> 409178.52
B12: Bolo Menor de filmacion por dia | C12: 313059 | D12: =C12+(C12*$D$3) -> 338103.72
B13: Bolo Mayor de doblaje por dia | C13: 313059 | D13: =C13+(C13*$D$3) -> 338103.72
B14: Bolo Menor de doblaje por dia | C14: 250129 | D14: =C14+(C14*$D$3) -> 270139.32
B15: Bolo Actor especialista/bailarin profesional | C15: 378869 | D15: =C15+(C15*$D$3) -> 409178.52
B16: Prueba de ropa contrato y bolo mayor | C16: 187620 | D16: =C16+(C16*$D$3) -> 202629.6
... B23: Hs Extra al 50% Bolo Menor (por hora) | C23: 54342 | D23: =C23+(C23*$D$3) -> 58689.36

Sheet SUTEP a Marzo26
B2: SUTEP - Brutos Diarios a Diciembre 2025 | D2: actualización a MARZO 2025
B3: https://www.sutep.com.ar/ | D3: 0.08
B4: Bolo | C4: 63099 | D4: =C4+(C4*$D$3) -> 68146.92
B5: Hora Extra 50% | C5: 11832 | D5: =C5+(C5*$D$3) -> 12778.56
B6: Hora Extra 100% | C6: 15775 | D6: =C6+(C6*$D$3) -> 17037
B7: Pedido de Vestuario | C7: 19411 | D7: =C7+(C7*$D$3) -> 20963.88
B8: Prueba Vestuario hasta 1 h | C8: 19411 | D8: =C8+(C8*$D$3) -> 20963.88
B9: Prueba de Vestuario de 1 a 4 horas | C9: 31556 | D9: =C9+(C9*$D$3) -> 34080.48
B10: Prueba de Vestuario de mas de 4 horas | C10: 63020 | D10: =C10+(C10*$D$3) -> 68061.6
B11: Corte de Cabello | C11: 19411 | D11: =C11+(C11*$D$3) -> 20963.88
B12: Bolo Calificado | C12: 104125 | D12: =C12+(C12*$D$3) -> 112455
B13: Hora Extra 50% | C13: 19524 | D13: =C13+(C13*$D$3) -> 21085.92
B14: Hora Extra 100% | C14: 26032 | D14: =C14+(C14*$D$3) -> 28114.56
B15: Bolo Especial | C15: 129511 | D15: =C15+(C15*$D$3) -> 139871.88
... B21: Hora Extra 100% | C21: 31065 | D21: =C21+(C21*$D$3) -> 33550.2
B22: Bolo Bebe un 33% por acompañante | C22: =C18*33%+C18 -> 172249.63 | D22: =C22+(C22*$D$3) -> 186029.6
B23: Bolo del Menor un 33% por acompañante | C23: =C18*33%+C18 -> 172249.63 | D23: =C23+(C23*$D$3) -> 186029.6

Sheet SADAIC-SAdeM a Marzo26
B2: SADAIC - DESDE 1/3/25 | C2: Duración total de | D2: actualizacion a Marzo 2026
B3: https://www.sadaic.org.ar/ | C3: mas de 60 minutos | D3: 0.24
B5: PELÍCULAS CINEMATOGRÁFICAS DE LARGOMETRAJE
B6: * Las que excedan 60 minutos de duración.
B7: CLASIFICACIÓN
B8: VALOR A | C8: 12500000 | D8: =(C8*$D$3)+C8 -> 15500000
B9: VALOR B | C9: 6528000 | D9: =(C9*$D$3)+C9 -> 8094720
B10: VALOR C | C10: 4350000 | D10: =(C10*$D$3)+C10 -> 5394000
B11: VALOR P | C11: 21924000 | D11: =(C11*$D$3)+C11 -> 27185760
B15: SAdeM - CINE (CCT 373/71) - DESDE 1/4/25 | D15: actualizacion a Marzo 2026
B16: https://sadem.org.ar/tarifas-minimas/ | D16: 0.22
B18: Música original incidental largometraje o | C18: 7869623 | D18: =C18*D16+C18 -> 9600940.1
B19: serie con un leitmotiv $ 7.869.623.-
